AoeStats
← MacFer90

Arena

510155891Analyzed
1v1 RM · 2d ago on Sep 29, 2026· 60m 14s· 2 players
Game mode
Random Map
Map size
Tiny (2 player)
Population
200
Speed
Normal
Resources
Standard
Victory
Conquest
Starting age
Dark Age
Ending age
Imperial Age
RankedLock teamsTeams togetherTeam positionsShared explorationLock speedFull tech treeHidden civsTurbo modeCheats
Victory
Defeat
🇩🇪 Slavs · Germany
1070
+16
🇦🇷 Turks · Argentina
1080
-16
AnanasGnom43768
10:54 Feudal Age
11:33 Double-Bit Axe
11:29 Horse Collar
16:51 Castle Age
14:56 Gold Mining
20:15 Man-at-Arms
21:32 Forging
21:29 Long Swordsman
23:34 Wheelbarrow
24:59 Iron Casting
29:44 Heavy Plow
30:15 Scale Mail Armor
33:04 Hand Cart
32:35 Loom
32:36 Town Watch
35:18 Bow Saw
39:29 Imperial Age
37:18 Chain Mail Armor
37:04 Padded Archer Armor
37:10 Scale Barding Armor
36:56 Fletching
37:10 Town Patrol
37:42 Detinets
38:56 Squires
39:14 Leather Archer Armor
40:49 Conscription
41:49 Blast Furnace
40:44 Bodkin Arrow
41:11 Chain Barding Armor
40:27 Capped Ram
41:06 Two-Handed Swordsman
41:17 Siege Ram
42:55 Champion
46:08 Druzhina
47:00 Stone Mining
47:46 Gold Shaft Mining
48:14 Two-Man Saw
49:08 Hoardings
47:54 Elite Boyar
49:14 Plate Barding Armor
49:10 Plate Mail Armor
49:10 Ring Archer Armor
48:55 Heavy Scorpion
50:04 Elite Skirmisher
51:43 Ballistics
52:24 Chemistry
51:20 Murder Holes
52:53 Pikeman
53:38 Halberdier
58:00 Crop Rotation
MacFer90
11:28 Feudal Age
15:49 Castle Age
13:36 Double-Bit Axe
13:32 Horse Collar
16:58 Bow Saw
16:50 Heavy Plow
18:51 Loom
23:44 Wheelbarrow
22:57 Town Watch
38:40 Imperial Age
37:16 Padded Archer Armor
37:30 Forging
39:54 Leather Archer Armor
40:43 Masonry
43:12 Two-Man Saw
54:17 Husbandry
54:28 Bloodlines
53:42 Cavalier
Connection lost

Rejoining the realm…

Still unreachable

The connection could not be restored.

Session expired

The server has moved on; the page needs a fresh start.